 Dungeon Crawl Stone Soup version 0.29.1-12-g30fa7ad0bf (webtiles) character file.

Game seed: 2976910005326792349

27169 warriortoast the Marksspriggan (level 13, -2/65 HPs)
             Began as a Spriggan Hunter on Dec 14, 2022.
             Was an Elder of Fedhas.
             Slain by a spriggan rider
             ... wielding a +2 antimagic trident
              (13 damage)
             ... on level 2 of the Lair of Beasts.
             The game lasted 00:35:07 (14994 turns).

warriortoast the Marksspriggan (Spriggan Hunter)   Turns: 14994, Time: 00:35:09

Health: -2/65      AC:  6    Str:  7    XL:     13   Next: 2%
Magic:  1/21       EV: 25    Int: 21    God:    Fedhas [****..]
Gold:   1431       SH:  0    Dex: 19    Spells: 22/22 levels left

rFire   + . .      SeeInvis +   v - +7 sling of Yzaz {speed, Contam rN+++ Int+7 Dex-3}
rCold   + . .      Faith    .   (no shield)
rNeg    + + +      Spirit   .   Q - +0 troll leather armour
rPois   .          Reflect  .   O - +0 hat {Stlth+}
rElec   .          Harm     .   D - +1 cloak
rCorr   .          Rampage  .   (gloves unavailable)
Will    ++...                   (boots unavailable)
Stlth   ++++++....              (no amulet)
HPRegen 1.00/turn               q - ring of protection from fire
MPRegen 0.17/turn               r - ring of the Salmon {rC+ Int+2}

@: about to teleport, very quick
A: very small, no large weapons, unfitting armour, see invisible, speed 3
a: Renounce Religion, Wall of Briars, Grow Ballistomycete, Overgrow


You were on level 2 of the Lair of Beasts.
You worshipped Fedhas.
Fedhas was greatly pleased with you.
You visited 3 branches of the dungeon, and saw 15 of its levels.
You also visited: Bailey.

You collected 1431 gold pieces.

Inventory:

Hand Weapons
 a - a +1 shortbow
 l - the +4 rapier of Abuse {freeze, *Corrode MP+9 Str+6 Stlth+}
   (You found it on level 3 of the Dungeon)

   It freezes those it strikes, dealing additional cold damage.
   It can also slow down cold-blooded creatures.
   Str:       It affects your strength (+6).
   MP:        It affects your magic capacity (+9).
   *Corrode:  It may corrode you when you take damage.
   Stlth:     It makes you more stealthy.
 u - the +3 spear of the Final Chapter {vorpal, rPois rN++ Int-3 Stlth-}
   (You found it on level 6 of the Dungeon)

   It inflicts extra damage upon your enemies.
   Int:       It affects your intelligence (-3).
   rPois:     It protects you from poison.
   rN:        It greatly protects you from negative energy.
   Stlth:     It makes you less stealthy.
 v - the +7 sling of Yzaz (weapon) {speed, Contam rN+++ Int+7 Dex-3}
   (You found it on level 5 of the Dungeon)

   Attacks with this weapon are significantly faster.
   Int:       It affects your intelligence (+7).
   Dex:       It affects your dexterity (-3).
   rN:        It renders you almost immune to negative energy.
   Contam:    It causes magical contamination when unequipped.
 K - a +0 shortbow of freezing
Missiles
 w - 4 throwing nets
Armour
 c - a +0 robe
 D - a +1 cloak (worn)
 O - a +0 hat of stealth (worn)
 Q - a +0 troll leather armour (worn)
Jewellery
 q - a ring of protection from fire (left hand)
 r - the ring of the Salmon (right hand) {rC+ Int+2}
   (You found it on level 5 of the Dungeon)

   [ring of protection from cold]

   Int:       It affects your intelligence (+2).
   rC:        It protects you from cold.
 x - a ring of resist corrosion
 N - a ring of protection from cold
 S - a ring of flight
 T - a +6 ring of strength
Wands
 f - a wand of flame (41)
 s - a wand of digging (8)
 A - a wand of iceblast (8)
 F - a wand of paralysis (9)
 I - a wand of polymorph (12)
Scrolls
 b - 4 scrolls of immolation
 k - 3 scrolls of enchant armour
 y - a scroll of teleportation
 z - 2 scrolls of fear
 B - 2 scrolls of blinking
 C - 3 scrolls of fog
 E - 5 scrolls of vulnerability
 J - 4 scrolls of amnesia
 L - a scroll of enchant weapon
 M - 7 scrolls of identify
 P - 2 scrolls of poison
 R - a scroll of magic mapping
 U - a scroll of brand weapon {unknown}
Potions
 d - 3 potions of cancellation
 e - 2 potions of might {unknown}
 g - 5 potions of haste
 h - a potion of invisibility {unknown}
 i - 5 potions of flight
 m - a potion of lignification {unknown}
 n - 5 potions of heal wounds
 o - a potion of mutation {unknown}
 p - 4 potions of brilliance
 t - 2 potions of degeneration {unknown}
 G - 3 potions of ambrosia {unknown}
 H - 4 potions of curing {unknown}
Miscellaneous
 j - a condenser vane


   Skills:
 + Level 6.5 Fighting
 - Level 16.0 Ranged Weapons
 + Level 11.7 Dodging
 + Level 12.3 Stealth
 - Level 5.0 Spellcasting
 + Level 4.6 Invocations
 - Level 5.0 Evocations


You had 22 spell levels left.
You didn't know any spells.
Your spell library contained the following spells:

 Spells                   Type           Power      Damage    Failure   Level
 Magic Dart               Conj           20%        1d4       16%         1
 Call Imp                 Summ           5%         N/A       24%         2
 Sublimation of Blood     Necr           5%         N/A       24%         2
 Wereblood                Tmut           5%         N/A       24%         2
 Dazzling Flash           Conj/Hex       10%        N/A       43%         3
 Mephitic Cloud           Conj/Pois/Air  5%         N/A       43%         3
 Ozocubu's Armour         Ice            5%         N/A       43%         3
 Animate Dead             Necr           5%         N/A       85%         4
 Iskenderun's Mystic Bla  Conj/Tloc      5%         2d3       85%         4
 Fireball                 Conj/Fire      2%         3d4       99%         5
 Iskenderun's Battlesphe  Conj           5%         2d6       99%         5
 Metabolic Englaciation   Hex/Ice        2%         N/A       99%         5
 Conjure Ball Lightning   Conj/Air       2%         3x3d6     100%        6
 Simulacrum               Ice/Necr       2%         N/A       100%        6
 Starburst                Conj/Fire      2%         6d3       100%        6
 Haunt                    Necr/Summ      2%         N/A       100%        7
 Orb of Destruction       Conj           2%         9d5       100%        7
 Summon Hydra             Summ           2%         N/A       100%        7
 Infestation              Necr           2%         N/A       100%        8


Dungeon Overview and Level Annotations

Branches:
Dungeon (12/15)            Temple (1/1) D:6            Lair (2/5) D:9
 Bailey (visited)
  Swamp: Lair:2-3    Shoals: Lair:2-3     Snake: Lair:2-3    Spider: Lair:2-3
    Orc: D:9-12

Altars:
Ashenzari
Cheibriados
Dithmenos
Elyvilon
Fedhas
Gozag
Hepliaklqana
Kikubaaqudgha
Makhleb
Nemelex Xobeh
Okawaru
Qazlal
Ru
Sif Muna
Trog
Uskayaw
Vehumet
Wu Jian
Xom
Yredelemnul
Zin
The Shining One

Shops:
D:11 =

Annotations:
D:12 Jorgrun
Temple 4 transporters
Lair:2 1 transporter, fishmans's ghost, journeyman GrFi


Innate Abilities, Weirdness & Mutations

You are very small and have problems with some larger weapons.
You are too small for most types of armour.
You have supernaturally acute eyesight. (SInv)
You cover ground extremely quickly. (Speed+++)


Message History

The spriggan hits you with a +0 dagger.
You walk carefully through the plants.
The spriggan attacks as you move away! The spriggan closely misses you.
The spriggan completely misses you.
Your oklob sapling spits acid at the spriggan rider.
The splash of acid hits the spriggan rider!!
The acid corrodes the spriggan rider!
The spriggan hits your briar patch with a +0 dagger!!
The spriggan rider hits your oklob sapling with a +1 antimagic trident!!
You shoot a sling bullet. The sling bullet hits the spriggan!
The spriggan is lightly wounded.
The spriggan misses you.
You shoot a sling bullet. The sling bullet hits the spriggan.
The spriggan is moderately wounded.
The spriggan hits your briar patch but does no damage.
The moth of wrath goads the spriggan rider on!
The spriggan rider goes berserk!
The spriggan misses you.
The spriggan rider hits your wandering mushroom with a +1 antimagic trident!!!
You shoot a sling bullet. The sling bullet hits the spriggan!
The spriggan is heavily wounded.
The spriggan hits your briar patch with a +0 dagger.
Your briar patch is destroyed!
Your briar patch disappears in a puff of smoke!
The spriggan rider hits you from afar with a +2 antimagic trident!!
Ouch! That really hurt!
You feel your power leaking away.
Your oklob sapling spits acid at the spriggan rider.
The splash of acid hits the spriggan rider!!
The spriggan rider seems to be corroded for longer.
The spriggan hits you with a +0 short sword!
* * * LOW HITPOINT WARNING * * *
The spriggan rider hits your oklob sapling with a +1 antimagic trident.
As you read the scroll of teleportation, it crumbles to dust.
You feel strangely unstable.
The spriggan rider hits your oklob sapling with a +1 antimagic trident!!
Your oklob sapling is destroyed!
Your oklob sapling disappears in a puff of smoke!
The spriggan closely misses you. x2
The spriggan rider hits you from afar with a +2 antimagic trident!
You die...
Fedhas appreciates your contribution to the ecosystem.

##P.............#######...
####................#.#..
#...........#..P......
#P....P....^.###....P.
#####...##.....## ##...#.
#.###.........P.###P....#
##..#....©...............
##....#####....P.#......
###...###@i.###....###....
#.#..###ffiy..##..P####.##
##...#ii#f.....#....# ###
##..##i##i§....##..##
#...#...#.......#..P#
##..#....._§###©#..P#
#..#.i##W:.§ #.#...##
#..##.#§#.###.##..#.#
#...#####....##....##


You could see 2 spriggan riders, a moth of wrath, 4 spriggans, fishmans's ghost
and 3 friendly wandering mushrooms.

Vanquished Creatures
  Gastronok (D:10)
  A hydra (D:11)
  3 two-headed ogres
  Amaemon (D:8)
  2 orc knights (Bailey)
  A necromancer (D:10)
  3 manticores
  A cyclops (D:11)
  4 centaur zombies
  A black mamba (Lair:2)
  A torpor snail (Lair:1)
  An orange demon (D:8)
  5 cane toads
  A gargoyle (D:12)
  6 centaur skeletons (D:10)
  3 rime drakes
  3 unseen horror zombies (D:10)
  Psyche (D:10)
  An unseen horror (D:12)
  2 komodo dragons (Lair:2)
  A kobold demonologist (D:11)
  A polar bear (Lair:2)
  2 trolls
  Prince Ribbit (D:8)
  6 blink frogs (Lair:1)
  3 dream sheep (Lair:1)
  Sigmund (D:2)
  A meliai zombie (D:10)
  4 flying skulls (D:10)
  2 wyverns
  5 yaks (D:11)
  4 shadows
  6 wraiths
  2 steam dragons
  5 water moccasins
  10 orc warriors
  4 sky beasts
  3 black bears
  An ice beast (D:7)
  An ogre (D:5)
  3 centaurs
  2 phantoms (D:5)
  3 kobold brigands
  9 bullfrogs
  4 scorpions
  9 wights
  9 killer bees
  3 howler monkeys
  2 gnoll boudas
  2 hounds
  6 orc priests
  3 iguanas
  8 orc wizards
  2 howler monkey zombies (D:10)
  A howler monkey skeleton (D:10)
  16 gnolls
  10 adders
  A shadow imp (D:7)
  3 white imps
  An ufetubus (D:7)
  2 worms
  3 dart slugs
  32 orcs
  4 ball pythons
  2 bats
  5 endoplasms
  4 giant cockroaches
  7 goblins
  9 hobgoblins
  15 jackals
  6 frilled lizards
  25 kobolds
  3 rats
319 creatures vanquished.

Vanquished Creatures (collateral kills)
  A vampire (D:11)
1 creature vanquished.

Vanquished Creatures (others)
  An orc priest (D:6)
  5 fungi (Lair:1)
  3 plants (Lair:1)
  3 withered plants (D:12)
12 creatures vanquished.

Grand Total: 332 creatures vanquished

Notes
Turn   | Place    | Note
-------+----------+-------------------------------------------
     0 | D:1      | warriortoast the Spriggan Hunter began the quest for the
                  | Orb.
     0 | D:1      | Reached XP level 1. HP: 10/10 MP: 2/2
    46 | D:1      | Found a faded altar of an unknown god.
   255 | D:1      | Reached XP level 2. HP: 15/15 MP: 3/3
   871 | D:1      | Reached XP level 3. HP: 18/18 MP: 4/4
   994 | D:2      | Found an ornate altar of the Wu Jian Council.
  1007 | D:2      | Noticed Sigmund
  1231 | D:2      | Killed Sigmund
  1232 | D:2      | Reached XP level 4. HP: 16/23 MP: 5/5
  1232 | D:2      | Reached XP level 5. HP: 19/27 MP: 6/6
  1451 | D:3      | Reached skill level 5 in Ranged Weapons
  1464 | D:3      | Identified the +4 rapier of Abuse {freeze, *Corrode MP+9
                  | Str+6 Stlth+}
  1979 | D:4      | Reached XP level 6. HP: 31/32 MP: 7/7
  2256 | D:4      | Found a bloodstained altar of Trog.
  2258 | D:4      | Found a glowing silver altar of Zin.
  2474 | D:4      | Reached skill level 5 in Stealth
  2952 | D:5      | Entered Level 5 of the Dungeon
  2969 | D:5      | Reached skill level 5 in Dodging
  3268 | D:5      | Identified the ring of the Salmon {rC+ Int+2}
  3374 | D:5      | Reached XP level 7. HP: 33/36 MP: 8/8
  4043 | D:5      | Reached skill level 6 in Ranged Weapons
  4571 | D:5      | Identified the +7 sling of Yzaz {speed, Contam rN+++ Int+7
                  | Dex-3}
  4647 | D:6      | Noticed a two-headed ogre
  4678 | D:6      | Killed a two-headed ogre
  4679 | D:6      | Reached XP level 8. HP: 42/42 MP: 9/9
  5177 | D:6      | Reached skill level 5 in Fighting
  5177 | D:6      | Reached skill level 7 in Ranged Weapons
  5214 | D:6      | Reached XP level 9. HP: 47/47 MP: 10/10
  5365 | D:6      | Identified the +3 spear of the Final Chapter {vorpal, rPois
                  | rN++ Int-3 Stlth-}
  5714 | D:6      | Found a staircase to the Ecumenical Temple.
  5723 | Temple   | Entered the Ecumenical Temple
  5723 | Temple   | Found a transporter.
  5723 | Temple   | Found a transporter.
  5725 | Temple   | Found a transporter.
  5725 | Temple   | Found a transporter.
  6011 | D:7      | Reached skill level 10 in Stealth
  6092 | D:7      | Found a blossoming altar of Fedhas.
  6105 | D:7      | Found a burning altar of Makhleb.
  6130 | D:7      | Became a worshipper of Fedhas Madash
  6161 | D:7      | Found a snail-covered altar of Cheibriados.
  6231 | D:6      | Reached skill level 8 in Ranged Weapons
  6827 | D:8      | Noticed Amaemon
  6860 | D:7      | Reached skill level 10 in Dodging
  7129 | D:8      | Reached skill level 9 in Ranged Weapons
  7234 | D:8      | Noticed an orange demon
  7240 | D:8      | Killed Amaemon
  7241 | D:8      | Reached skill level 10 in Ranged Weapons
  7241 | D:8      | Reached XP level 10. HP: 51/51 MP: 11/11
  7284 | D:8      | Killed an orange demon
  7291 | D:8      | Reached * piety under Fedhas
  7410 | D:8      | Noticed Prince Ribbit
  7420 | D:8      | Killed Prince Ribbit
  7446 | D:8      | Found the +12 glaive of Prune {vorpal}
  7501 | D:8      | Reached skill level 11 in Ranged Weapons
  7758 | D:9      | Found a staircase to the Lair.
  8075 | D:9      | Found a flagged portal.
  8097 | Bailey   | Entered a bailey
  8275 | Bailey   | Noticed an orc knight
  8297 | Bailey   | Noticed an orc knight
  8298 | Bailey   | Killed an orc knight
  8298 | Bailey   | Reached ** piety under Fedhas
  8395 | Bailey   | Reached skill level 12 in Ranged Weapons
  8968 | Bailey   | Killed an orc knight
  9352 | D:9      | Reached skill level 13 in Ranged Weapons
  9525 | D:9      | Identified the +5 scale mail of Beogh, Dancing {rPois Int-3
                  | Slay+4 Stlth-}
  9868 | D:10     | Entered Level 10 of the Dungeon
  9906 | D:10     | Reached *** piety under Fedhas
 10084 | D:10     | Noticed Gastronok
 10084 | D:10     | Noticed Psyche
 10103 | D:10     | Killed Psyche
 10104 | D:10     | Reached XP level 11. HP: 55/55 MP: 12/12
 10120 | D:10     | Killed Gastronok
 10547 | D:10     | Reached skill level 14 in Ranged Weapons
 10924 | D:10     | Noticed a two-headed ogre
 10941 | D:10     | Killed a two-headed ogre
 11184 | D:10     | Reached skill level 15 in Ranged Weapons
 11427 | D:10     | Reached **** piety under Fedhas
 11546 | D:10     | Noticed a necromancer
 11568 | D:10     | Killed a necromancer
 11685 | D:10     | Reached skill level 16 in Ranged Weapons
 11759 | D:10     | Reached skill level 1 in Spellcasting
 11759 | D:10     | Reached skill level 1 in Invocations
 11759 | D:10     | Reached skill level 1 in Evocations
 11796 | D:11     | Noticed a two-headed ogre
 11823 | D:10     | Killed a two-headed ogre
 11824 | D:10     | Reached XP level 12. HP: 60/60 MP: 13/15
 11848 | D:11     | Noticed an eight-headed hydra
 12319 | D:11     | Killed an eight-headed hydra
 12878 | D:11     | Found Anocvon's Jewellery Shoppe.
 13180 | D:12     | Noticed Jorgrun
 13365 | D:12     | Noticed a boulder beetle
 13497 | Lair:1   | Entered Level 1 of the Lair of Beasts
 14061 | Lair:1   | Reached skill level 5 in Evocations
 14062 | Lair:1   | Reached ***** piety under Fedhas
 14312 | Lair:2   | Reached skill level 5 in Spellcasting
 14526 | Lair:2   | Reached XP level 13. HP: 65/65 MP: 21/21
 14692 | Lair:2   | Found a transporter.
 14704 | Lair:2   | Found a transporter.
 14710 | Lair:2   | Found a bloodstained altar of Trog.
 14869 | Lair:2   | Noticed fishmans's ghost (journeyman GrFi)
 14994 | Lair:2   | Slain by a spriggan rider

Illustrated notes

Levels and vault maps discovered:
D:1:      lightli_iron_boxes, layout_loops_cross, serial_aquarium,
          aquarium_bridge_square [aquarium_subvault_bridge,
          aquarium_subvault_window, aquarium_subvault_bridge,
          aquarium_subvault_wall], aquarium_window_1, aquarium_window_3,
          aquarium_view_2e, aquarium_balcony_3b,
          hellmonk_ecumenical_altar_leap_of_faith, nicolae_wormholes
D:2:      layout_basic, basic_altar, uniq_sigmund
D:3:      layout_rooms, minmay_misc_feat_alley
D:4:      layout_loops_corners, jmf_multi_god_temple, lightli_corner_chamber
D:5:      layout_rooms
D:6:      layout_cave_pods, lemuel_temple_firewalk_b
D:7:      layout_cave_pools, mainiacjoe_overflow_catwalk_spiral,
          kennysheep_slug_shrine
D:8:      layout_cave_pools, uniq_prince_ribbit1, uniq_amaemon
D:9:      layout_loops_ring, lair_entry_dummy, enter_bailey_6
D:10:     hangedman_screamer, layout_basic, uniq_gastronok, uniq_psyche
D:11:     layout_roguey, serial_shops, nicolae_shop_window_shopping
D:12:     layout_gridville, erik_orc_2, serial_undead, serial_undead_f,
          serial_undead_c, serial_undead_d, serial_undead_b, uniq_josephine,
          uniq_jorgrun, uniq_frances
Temple:   hellmonk_temple_divided_pantheon
Lair:1:   layout_long_grid, minmay_holes
Lair:2:   layout_misc_corridors, gammafunk_ghost_wrathful_warriors,
          guppyfry_lair_drakes, grunt_megastairs_3

Skill      XL: |  1  2  3  4  5  6  7  8  9 10 11 12 |
---------------+-------------------------------------+-----
Stealth        | 2 4 6 8 9 10 12 | 12.3
Dodging        | 3 4 5 7 8 10 11 | 11.7
Fighting       | 2 3 4 5 6 |  6.5
Ranged Weapons | 5 6 7 10 13 16 | 16.0
Spellcasting   | 1 5 |  5.0
Invocations    | 1 4 |  4.6
Evocations     | 1 5 |  5.0

Action                   |  1- 3 |  4- 6 |  7- 9 | 10-12 | 13-15 || total
-------------------------+-------+-------+-------+-------+-------++-------
 Fire: Shortbow          |   107 |   143 |   101 |       |       ||   351
       Sling             |       |       |   279 |  1072 |    26 ||  1377
Invok: Wall of Briars    |       |       |       |     1 |     1 ||     2
       Overgrow          |       |       |       |       |     1 ||     1
  Use: Scroll            |       |       |    12 |     9 |     1 ||    22
       Potion            |       |       |       |     1 |       ||     1
Armor: Robe              |     3 |     3 |     6 |     7 |       ||    19
       Troll leather arm |       |       |       |     4 |     1 ||     5
Dodge: Dodged            |    27 |    43 |    76 |   152 |    13 ||   311
